 Dungeon Crawl Stone Soup version 0.21.0-3-g78d12a8 (webtiles) character file.

106 letownia2 the Ruffian (level 4, -8/29 HPs)
             Began as a Gargoyle Fighter on Jan 11, 2018.
             Mangled by a mummy (13 damage)
             ... in an ossuary.
             The game lasted 00:02:57 (1600 turns).

letownia2 the Ruffian (Gargoyle Fighter)            Turns: 1600, Time: 00:02:58

Health: -8/29      AC: 10    Str: 19    XL:     4   Next: 84%
Magic:  4/4        EV:  9    Int: 10    God:
Gold:   53         SH:  2    Dex:  9    Spells: 3/3 levels left

rFire    . . .     SeeInvis .     - Unarmed
rCold    . . .     Gourm    .   (no shield)
rNeg     + . .     Faith    .   a - +0 scale mail
rPois    ∞         Spirit   .   (no helmet)
rElec    +         Reflect  +   (no cloak)
rCorr    .         Harm     .   (no gloves)
MR       .....                  (no boots)
Stlth    ..........             i - +2 amulet of reflection
HPRegen  0.09/turn              (no ring)
MPRegen  0.09/turn              (no ring)

@: no status effects
A: negative energy resistance 1, electricity resistance, unbreathing,
petrification resistance, rot immunity, AC +3
a: no special abilities


You were in an ossuary.
You were not hungry.

You visited 2 branches of the dungeon, and saw 5 of its levels.
You also visited: Ossuary.

You collected 53 gold pieces.

Inventory:

Armour
 a - a +0 scale mail (worn)
 b - a +0 shield
Jewellery
 i - a +2 amulet of reflection (around neck)
Scrolls
 e - a scroll of enchant armour {unknown}
 f - a scroll of identify {unknown}
 g - a scroll of remove curse {unknown}
Potions
 c - a potion of might
 h - a potion of heal wounds {unknown}
 j - a potion of lignification {unknown}
Comestibles
 d - 3 rations
 k - 2 chunks of flesh


   Skills:
 + Level 3.7 Fighting
 - Level 3.2 Armour
 - Level 3.2 Shields
 + Level 4.6 Unarmed Combat


You had 3 spell levels left.
You didn't know any spells.

Dungeon Overview and Level Annotations

Branches:
Dungeon (4/15)             Temple (1/1) D:4

Altars:
Ashenzari
Cheibriados
Dithmenos
Elyvilon
Fedhas
Hepliaklqana
Kikubaaqudgha
Makhleb
Nemelex Xobeh
Okawaru
Qazlal
Ru
Sif Muna
Trog
Uskayaw
Vehumet
Wu Jian
Xom
Yredelemnul
Zin
The Shining One


Innate Abilities, Weirdness & Mutations

You are resistant to torment.
Your stone body is resilient. (AC +3)
You are immune to poison.
You resist negative energy. (rN+)
You are resistant to electric shocks. (rElec)
You can survive without breathing.
You are immune to petrification.
You are immune to rotting.


Message History

You hit the mummy.
The mummy is lightly damaged.
You hit the mummy but do no damage.
The mummy is lightly damaged.
The mummy barely misses you.
You barely miss the mummy.
The mummy is lightly damaged.
The mummy hits you!
You hit the mummy.
The mummy is lightly damaged.
The mummy hits you.
* * * LOW HITPOINT WARNING * * *
You hit the mummy.
The mummy is moderately damaged.
The mummy hits you but does no damage.
Unknown command.
You hit the mummy.
The mummy is heavily damaged.
The mummy hits you!
You die...

### ### ###
####M###.###.####+##
.#.............#@..#
.'.............MM∩.#
.#.............#...#
####.###.###.#######
### ### ###


You could see 2 mummies.

Vanquished Creatures
  2 worker ants (D:4)
  A mummy (Ossuary)
  2 adders (D:2)
  An ooze (D:2)
  A dart slug (D:2)
  A leopard gecko (D:4)
  An orc (D:3)
  2 giant cockroaches
  A goblin (D:2)
  3 hobgoblins
  A ball python (D:4)
  A frilled lizard (D:2)
  A gnoll zombie (Ossuary)
  2 goblin zombies (Ossuary)
  A hobgoblin zombie (Ossuary)
  3 kobolds
  A quokka zombie (Ossuary)
  2 rats
27 creatures vanquished.

Notes
Turn   | Place    | Note
-------+----------+-------------------------------------------
     0 | D:1      | letownia2 the Gargoyle Fighter began the quest for the Orb.
     0 | D:1      | Reached XP level 1. HP: 14/14 MP: 1/1
   173 | D:2      | Reached XP level 2. HP: 5/19 MP: 2/2
   602 | D:2      | Reached skill level 3 in Unarmed Combat
   617 | D:2      | Reached XP level 3. HP: 16/23 MP: 3/3
   956 | D:2      | You fall through a shaft!
  1075 | D:4      | Found a staircase to the Ecumenical Temple.
  1092 | Temple   | Entered the Ecumenical Temple
  1402 | D:4      | Found a sand-covered staircase.
  1491 | D:4      | Reached skill level 4 in Unarmed Combat
  1491 | D:4      | Reached XP level 4. HP: 20/28 MP: 4/4
  1546 | Ossuary  | Entered an ossuary
  1600 | Ossuary  | Mangled by a mummy

Skill      XL: |  1  2  3 |
---------------+----------+-----
Unarmed Combat | 3 4 |  4.6
Fighting       | |  3.7
Armour         | |  3.2
Shields        | |  3.2

Action                   |  1- 3 |  4- 6 || total
-------------------------+-------+-------++-------
Melee: Unarmed           |   102 |    41 ||   143
       Punch             |     1 |       ||     1
  Eat: Chunk             |     1 |     1 ||     2
Armor: Scale mail        |    49 |    18 ||    67
Dodge: Dodged            |    45 |    21 ||    66
Block: Other             |     5 |     2 ||     7
